 Dungeon Crawl Stone Soup version 0.20.0-15-g7f486f2 (webtiles) character file.

651 psko the Magician (level 7, -2/33 HPs)
             Began as a Spriggan Conjurer on June 10, 2017.
             Was an Initiate of Ru.
             Shot with an arrow by a centaur (12 damage)
             ... on level 4 of the Dungeon.
             The game lasted 01:56:31 (7143 turns).

psko the Magician (Spriggan Conjurer)               Turns: 7143, Time: 01:56:32

Health: -2/33      AC:  6    Str:  4    XL:     7   Next: 28%
Magic:  5/17       EV: 19    Int: 19    God:    Ru [......]
Gold:   143        SH:  3    Dex: 16    Spells: 8/18 levels left

rFire    . . .     SeeInvis +   x - +1 trident
rCold    . . .     Gourm    .   (shield currently unavailable)
rNeg     . . .     Faith    .   K - +0 robe
rPois    .         Spirit   .   (helmet restricted)
rElec    .         Reflect  +   (no cloak)
rCorr    .         Harm     .   (gloves unavailable)
MR       ++...                  (boots unavailable)
Stlth    +++.......             D - +3 amulet of reflection
Regen    0.2/turn               j - ring of protection from magic
MPRegen  0.2/turn               W - +4 ring of protection

@: very quick
A: unfitting armour, see invisible, herbivore 3, speed 3, slow metabolism 2
a: Renounce Religion


You were on level 4 of the Dungeon.
You worshipped Ru.
Ru was noncommittal.
You were not hungry.

You visited 1 branch of the dungeon, and saw 6 of its levels.

You collected 143 gold pieces.

Inventory:

Hand Weapons
 k - a +0 spear
 m - a +0 short sword
 o - a +0 giant club
 q - a +1 dagger of flaming
 r - a +0 club
 s - a +0 hunting sling
 t - a +0 hand axe
 u - a +0 dagger
 x - a +1 trident (weapon)
 J - a +0 falchion
 P - a +0 flail
 S - a +0 giant spiked club
 U - a +0 mace
Missiles
 a - 4 javelins
 i - 108 stones (quivered)
 n - 34 arrows
 H - 5 tomahawks
 L - 2 large rocks
 M - 17 bolts
 V - 18 sling bullets
Armour
 h - a +0 shield
 p - a +0 pair of gloves
 y - a +0 ring mail
 z - a +0 leather armour
 A - a +0 pair of boots
 E - a +0 chain mail
 F - a +1 pair of gloves
 K - a +0 robe (worn)
 N - a cursed +0 ring mail
 Q - a +0 ring mail
 X - a +0 ring mail
 Y - a +0 helmet
Jewellery
 f - an uncursed ring of ice
 j - a ring of protection from magic (left hand)
 D - a +3 amulet of reflection (around neck)
 O - an uncursed ring of poison resistance
 W - a +4 ring of protection (right hand)
Scrolls
 e - 2 scrolls of amnesia
 B - 2 scrolls of immolation
 G - a scroll of remove curse
 I - a scroll of noise
Potions
 d - a potion of curing
 l - a potion of haste {unknown}
 v - a potion of agility {unknown}
 C - 2 potions of invisibility {unknown}
 Z - a potion of heal wounds {unknown}
Books
 b - a book of Conjurations

   Spells                             Type                      Level
   a - Magic Dart                     Conjuration                  1
   b - Searing Ray                    Conjuration                  2
   c - Dazzling Spray                 Conjuration/Hexes            3
   d - Fulminant Prism                Conjuration/Hexes            4
   e - Force Lance                    Conjuration/Translocation    4
   f - Iskenderun's Mystic Blast      Conjuration                  4
Comestibles
 c - 3 bread rations
 g - a meat ration
 w - 10 fruits


   Skills:
 + Level 1.0 Fighting
 + Level 0.4 Maces & Flails
 + Level 1.7 Slings
 + Level 4.0 Dodging
 + Level 3.7 Stealth
 + Level 6.3 Spellcasting
 + Level 4.9 Conjurations


You had 8 spell levels left.
You knew the following spells:

 Your Spells              Type           Power        Failure   Level  Hunger
a - Magic Dart            Conj           ###.         1%          1    None
b - Dazzling Spray        Conj/Hex       ###...       12%         3    ##.....
c - Searing Ray           Conj           ###...       2%          2    None
d - Force Lance           Conj/Tloc      ###.....     36%         4    ####...


Dungeon Overview and Level Annotations

Branches:
Dungeon (6/15)
 Temple: D:4-7

Altars:
Fedhas
Ru

Annotations:
D:4 Voxish's ghost, amateur CeWn


Innate Abilities, Weirdness & Mutations

You are very small and have problems with some larger weapons.
You are too small for most types of armour.
You have supernaturally acute eyesight. (SInv)
You are a herbivore.
You cover ground extremely quickly.
You need consume almost no food.


Message History

Level annotation: Voxish's ghost, amateur CeWn
There is a stone staircase leading down here.
The centaur misses you.
You see here a quokka skeleton.
The centaur completely misses you.
There is an open door here.
The centaur wields an uncursed shortbow.
The centaur shoots an arrow.
The arrow barely misses you.
You close the door.
A centaur opens the door.
The centaur unwields an uncursed shortbow.
The centaur closely misses you.
There is an open door here.
You hit the centaur.
The centaur is severely wounded.
The centaur hits you. x2
The centaur wields an uncursed shortbow.
The centaur shoots an arrow.
The arrow barely misses you.
You see here an arrow.
The centaur shoots an arrow.
The arrow hits you!
You die...

############ #..........#
#.########.# ###### #.#
#.<..#.# #######..... #.#
#..#.#.# #.....'..... #.#
#..#.#@# #.#####..... #.#
#..#.#.# #.# ######
##.###..#.#.# ##'########
#
#....#..#.#(####.........#
#
#....####.#.c.c'.>.......#
#
#....####.#....#.........#
#
#....'....#(...#.........#
#
#....######....#.........#
# #....# #....#####.#####
#


You could see a centaur.

Vanquished Creatures
  A sky beast (D:4)
  2 ogres
  A scorpion (D:5)
  A howler monkey (D:5)
  A bullfrog zombie (D:3)
  An orc wizard (D:3)
  A worker ant zombie (D:5)
  A river rat (D:5)
  8 adders
  A shadow imp (D:5)
  2 adder skeletons
  2 worms
  2 dart slugs
  6 leopard geckos
  17 orcs
  7 giant cockroaches
  4 goblins
  8 hobgoblins
  10 jackals
  5 kobolds
  3 quokkas
  7 ball pythons
  A ball python zombie (D:5)
  6 bats
  6 frilled lizards
  A jackal skeleton (D:4)
  5 rats
110 creatures vanquished.

Notes
Turn   | Place    | Note
-------+----------+-------------------------------------------
     0 | D:1      | psko the Spriggan Conjurer began the quest for the Orb.
     0 | D:1      | Reached XP level 1. HP: 9/9 MP: 5/5
   277 | D:1      | Reached XP level 2. HP: 13/13 MP: 1/6
   847 | D:2      | Reached XP level 3. HP: 16/16 MP: 4/8
   991 | D:2      | Learned a level 3 spell: Dazzling Spray
   994 | D:2      | Learned a level 2 spell: Searing Ray
  1485 | D:1      | Reached skill level 3 in Spellcasting
  2094 | D:3      | Reached XP level 4. HP: 20/21 MP: 4/9
  2227 | D:3      | Found a glowing drain.
  2342 | D:3      | Found a sacrificial altar of Ru.
  2935 | D:3      | Noticed an ogre
  3178 | D:3      | Reached skill level 4 in Spellcasting
  3178 | D:3      | Reached XP level 5. HP: 18/24 MP: 5/12
  3187 | D:3      | Learned a level 4 spell: Force Lance
  3485 | D:3      | Reached skill level 1 in Slings
  3638 | D:3      | Killed an ogre
  3638 | D:3      | Reached XP level 6. HP: 29/29 MP: 6/14
  3850 | D:4      | Noticed a sky beast
  3860 | D:4      | Killed a sky beast
  3860 | D:4      | Reached skill level 5 in Spellcasting
  4429 | D:4      | Noticed Voxish's ghost (amateur CeWn)
  4859 | D:5      | Entered Level 5 of the Dungeon
  4864 | D:5      | Found a blossoming altar of Fedhas.
  5292 | D:3      | Became a worshipper of Ru the Awakened
  5614 | D:4      | Reached XP level 7. HP: 21/32 MP: 3/16
  5885 | D:5      | Reached skill level 1 in Fighting
  6212 | D:5      | Reached skill level 6 in Spellcasting
  7143 | D:4      | Shot with an arrow by a centaur

Skill      XL: |  1  2  3  4  5  6  7 |
---------------+----------------------+-----
Conjurations   | 3 4 |  4.9
Spellcasting   | 3 4 5 6 |  6.3
Slings         | 1 |  1.7
Dodging        | 4 |  4.0
Fighting       | 1 |  1.0
Maces & Flails | |  0.4
Stealth        | |  3.7

Action                   |  1- 3 |  4- 6 |  7- 9 || total
-------------------------+-------+-------+-------++-------
Melee: Short sword       |    12 |       |       ||    12
       Flail             |       |    10 |       ||    10
       Trident           |       |     1 |    31 ||    32
 Fire: Hunting sling     |       |    10 |       ||    10
 Cast: Magic Dart        |   100 |   206 |    84 ||   390
       Force Lance       |       |       |    10 ||    10
  Use: Scroll            |       |     8 |       ||     8
  Eat: Royal jelly       |       |     1 |     1 ||     2
       Fruit             |       |       |     1 ||     1
Armor: Robe              |     9 |    10 |     5 ||    24
Dodge: Dodged            |    52 |    52 |    48 ||   152
Block: Other             |       |     4 |     4 ||     8
       Reflection        |       |     2 |       ||     2
